 Dungeon Crawl Stone Soup version 0.26-a0-50-gc4d14cd842 (webtiles) character file.

Game seed: 8238734120648377607

8 MisterFreud the Ducker (level 2, 0/20 HPs)
             Began as an Octopode Gladiator on June 4, 2020.
             Slain by a leopard gecko (5 damage)
             ... on level 1 of the Dungeon.
             The game lasted 00:00:20 (266 turns).

MisterFreud the Ducker (Octopode Gladiator)          Turns: 266, Time: 00:00:20

Health: 0/20       AC:  1    Str: 13    XL:     2   Next: 8%
Magic:  2/2        EV: 14    Int: 10    God:
Gold:   9          SH:  0    Dex: 13    Spells: 1/1 levels left

rFire    . . .     SeeInvis .   a - +0 long sword
rCold    . . .     Gourm    .   (no shield)
rNeg     . . .     Faith    .   b - +0 hat
rPois    .         Spirit   .   (no amulet)
rElec    .         Reflect  .   (no ring)
rCorr    .         Harm     .   (no ring)
MR       .....                  (no ring)
Stlth    ++........             (no ring)
HPRegen  0.06/turn              (no ring)
MPRegen  0.08/turn              (no ring)
                                (no ring)
                                (no ring)

@: no status effects
A: almost no armour, stealthy swim, amphibious, 8 rings, constrict 8, camouflage
1, gelatinous body 1
a: no special abilities


You were on level 1 of the Dungeon.
You were not hungry.

You visited 1 branch of the dungeon, and saw 1 of its levels.

You collected 9 gold pieces.

Inventory:

Hand Weapons
 a - a +0 long sword (weapon)
Missiles
 c - 3 throwing nets (quivered)
Armour
 b - a +0 hat (worn)
Comestibles
 d - 2 rations
 f - 4 chunks of flesh


   Skills:
 * Level 2.7 Fighting
 - Level 3.0 Long Blades
 - Level 2.0 Throwing
 - Level 3.0 Dodging


You had one spell level left.
You didn't know any spells.
Your spell library was empty.

Dungeon Overview and Level Annotations

Branches:
Dungeon (1/15)

Altars:


Innate Abilities, Weirdness & Mutations

You cannot wear most types of armour.
You are very stealthy in the water. (Stealth+)
You are amphibious.
You can wear up to eight rings at the same time.
You can use your tentacles to constrict eight enemies at once.
Your skin changes colour to match your surroundings (Stealth+).
Your rubbery body absorbs attacks. (AC +1, EV +1)


Message History

Your squeeze misses the leopard gecko. The bat misses you. x2
The leopard gecko misses you.
You hit the leopard gecko. Your grab misses the leopard gecko.
The leopard gecko is lightly wounded.
The bat barely misses you. The leopard gecko misses you. x2
You closely miss the leopard gecko. Your grab misses the leopard gecko.
The leopard gecko is lightly wounded.
The bat barely misses you. The leopard gecko closely misses you.
You riposte.
You hit the leopard gecko. Your grab misses the leopard gecko.
The leopard gecko is heavily wounded.
The bat hits you.
You hit the leopard gecko but do no damage.
Your grab misses the leopard gecko.
The leopard gecko is heavily wounded.
The bat closely misses you.
You riposte.
You barely miss the bat. Your grab misses the bat. Your squeeze misses the bat.
The leopard gecko bites you.
* * * LOW HITPOINT WARNING * * *
The leopard gecko bites you.
You die...

#......... #.........
#.........
#####.........
#.?......... #.........
#.......#####
#....l@.b...##
#............##########
######............. ...
#.......###..# #..
#.......#....# #..
#.......###..###..
#.................
#.(.....###..###..
##......รท.#..#.#..


You could see a leopard gecko and a bat.

Vanquished Creatures
  A dart slug (D:1)
  A giant cockroach (D:1)
  A goblin (D:1)
  A bat (D:1)
  A frilled lizard (D:1)
  2 rats (D:1)
7 creatures vanquished.

Vanquished Creatures (others)
  4 toadstools (D:1)
4 creatures vanquished.

Grand Total: 11 creatures vanquished

Notes
Turn   | Place    | Note
-------+----------+-------------------------------------------
     0 | D:1      | MisterFreud the Octopode Gladiator began the quest for the
                  | Orb.
     0 | D:1      | Reached XP level 1. HP: 14/14 MP: 1/1
   104 | D:1      | Reached XP level 2. HP: 11/20 MP: 2/2
   266 | D:1      | Slain by a leopard gecko

Illustrated notes

Levels and vault maps discovered:
D:1:      ldierk_water_garden, layout_basic, minmay_misc_feat_nine_boxes

Action                   || total
-------------------------++-------
Melee: Long sword        ||    20
       Constrict         ||     4
       Tentacles         ||     3
 Stab: Sleeping          ||     1
Dodge: Dodged            ||    19
       Rpst.: Long sword ||     4

Table legend:
 A = Non-vault XP
 B = Vault XP
 C = Vault XP percentage of total XP
 D = Non-vault monster count
 E = Vault monster count
 F = Vault count percentage of total count
                 A         B        C        D         E       F
            +---------+---------+-------+---------+---------+-------
      Total |      12 |       0 |   0.0 |       7 |       0 |   0.0
            +---------+---------+-------+---------+---------+-------
        D:1 |      12 |       0 |   0.0 |       7 |       0 |   0.0
            +---------+---------+-------+---------+---------+-------
